 Dungeon Crawl Stone Soup version 0.23.2-33-g5129a83184 (webtiles) character file.

Game seed: 2018986500131140254

480 lepoulpe303 the Grave Robber (level 6, -3/56 HPs)
             Began as a Deep Dwarf Necromancer on July 4, 2019.
             Slain by a phantom (5 damage)
             ... on level 4 of the Dungeon.
             The game lasted 00:15:18 (4133 turns).

lepoulpe303 the Grave Robber (DDNe)                 Turns: 4133, Time: 00:15:19

Health: -3/56      AC:  2    Str: 12    XL:     6   Next: 86%
Magic:  9/9        EV: 13    Int: 21    God:
Gold:   209        SH:  0    Dex: 13    Spells: 5/10 levels left

rFire    . . .     SeeInvis .   b - +1 short sword (protect)
rCold    . . .     Gourm    .   (no shield)
rNeg     . . .     Faith    .   f - +0 robe
rPois    .         Spirit   .   (no helmet)
rElec    .         Reflect  .   (no cloak)
rCorr    .         Harm     .   (no gloves)
MR       .....                  (no boots)
Stlth    +++.......             (no amulet)
HPRegen  0.00/turn              q - +4 ring of intelligence
MPRegen  0.11/turn              (no ring)

@: non-regenerating
A: damage resistance, heal wounds, sense surroundings 1, no regeneration
a: Heal Wounds


You were on level 4 of the Dungeon.
You were not hungry.

You visited 1 branch of the dungeon, and saw 4 of its levels.

You collected 209 gold pieces.

Inventory:

Hand Weapons
 a - a +0 short sword of venom
 b - a +1 short sword of protection (weapon)
Missiles
 Q - 155 stones (quivered)
Armour
 f - a +0 robe (worn)
Jewellery
 q - a +4 ring of intelligence (left hand)
Scrolls
 d - a scroll of amnesia {unknown}
 j - a scroll of random uselessness {unknown}
 l - 3 scrolls of identify {unknown}
 m - a scroll of enchant weapon {unknown}
 n - a scroll of enchant armour {unknown}
 u - a scroll of teleportation {unknown}
 w - 3 scrolls of remove curse
Potions
 c - 4 potions of agility {unknown}
 g - a potion of haste {unknown}
 h - a potion of flight {unknown}
 i - a potion of magic {unknown}
 k - a potion of lignification {unknown}
 p - 2 potions of brilliance {unknown}
 r - a potion of invisibility {unknown}
 s - a potion of mutation {unknown}
 t - a potion of heal wounds {unknown}
Comestibles
 e - 6 rations


   Skills:
 * Level 3.0 Fighting
 + Level 1.8 Short Blades
 + Level 3.4 Dodging
 + Level 4.2 Stealth
 + Level 2.6 Spellcasting
 * Level 6.0 Necromancy


You had 5 spell levels left.
You knew the following spells:

 Your Spells              Type           Power        Failure   Level  Hunger
a - Pain                  Necr           ####         1%          1    None
x - Vampiric Draining     Necr           ####......   3%          3    ###....
A - Animate Skeleton      Necr           N/A          1%          1    None

Your spell library contained the following spells:

 Spells                   Type           Power        Failure   Level  Hunger
 Animate Dead             Necr           N/A          12%         4    ####...
 Regeneration             Chrm/Necr      Unusable     N/A         3    N/A

Dungeon Overview and Level Annotations

Branches:
Dungeon (4/15)
 Temple: D:4-7

Altars:
Cheibriados
Xom
The Shining One


Innate Abilities, Weirdness & Mutations

You are resistant to damage.
You can heal yourself by infusing magical energy.
You passively map a small area around you.
You do not regenerate.


Message History

You barely miss the phantom. The phantom closely misses you.
You hit the phantom.
Your weapon exudes an aura of protection.
The phantom barely misses you.
You barely miss the phantom.
The phantom blinks!
You aren't carrying any items that you can evoke.
You hit the phantom.
Your weapon exudes an aura of protection.
The phantom barely misses you.
You miss the phantom.
The phantom hits you but does no damage.
You hit the phantom. The phantom closely misses you.
You hit the phantom.
The phantom blinks!
You miss the phantom. The phantom barely misses you.
You barely miss the phantom.
The phantom blinks!
The phantom blinks!
The phantom blinks!
You barely miss the phantom. The phantom barely misses you.
You closely miss the phantom. The phantom hits you!
You die...

.##...##...# #.....#.....#..<.#
.##...##...# #.....#.....#....#
......##..## #.....#.....#....#
...........# #.....#.....#....#
...........# #.....#.....#....#
####+###'######.....#######....##
..............).............#...#
............................#....
................@W..........#....
............................#....
............................+....
..................).........#....
............................#####
######..>..#############'#.......
.....#.....#......[......#.......
.....#.....#.............#.......
.....#.....#.......).Z...#.......


You could see a phantom.

Levels and vault maps discovered:
D:1:      minmay_arrival_widening_spiral_wide, layout_basic,
          minmay_rat_gold_closets
D:2:      layout_basic, lemuel_crystal_altar, first_ration
D:3:      layout_rooms, kennysheep_slug_shrine, lemuel_coloured_pillars_altar,
          minmay_misc_feat_five
D:4:      layout_gridville

Notes
Turn   | Place    | Note
-------+----------+-------------------------------------------
     0 | D:1      | lepoulpe303 the Deep Dwarf Necromancer began the quest for
                  | the Orb.
     0 | D:1      | Reached XP level 1. HP: 15/15 MP: 3/3
   127 | D:1      | Identified a +0 dagger
   287 | D:1      | Identified a +0 dagger
   462 | D:1      | Reached XP level 2. HP: 24/24 MP: 1/4
   516 | D:1      | Learned a level 1 spell: Animate Skeleton
   684 | D:1      | Identified a +0 club
   686 | D:1      | Identified a +0 short sword of venom
   695 | D:1      | Reached skill level 1 in Fighting
  1021 | D:2      | Reached XP level 3. HP: 29/31 MP: 3/5
  1026 | D:2      | Learned a level 3 spell: Vampiric Draining
  1030 | D:2      | Identified a +0 club
  1184 | D:2      | Found a shimmering altar of Xom.
  1194 | D:2      | Noticed a bullfrog
  1223 | D:2      | Killed a bullfrog
  1223 | D:2      | Reached skill level 3 in Stealth
  1223 | D:2      | Reached skill level 2 in Spellcasting
  1223 | D:2      | Reached skill level 5 in Necromancy
  1223 | D:2      | Reached XP level 4. HP: 16/38 MP: 1/7
  1516 | D:2      | Identified a +0 club
  1537 | D:2      | Identified a +0 flail
  1537 | D:2      | Identified a +0 whip
  1542 | D:2      | Identified a +0 club
  1581 | D:2      | Identified a +0 club
  1610 | D:2      | Reached skill level 1 in Short Blades
  1627 | D:2      | Reached XP level 5. HP: 14/45 MP: 0/8
  1782 | D:2      | Identified a +0 club
  2194 | D:3      | Identified 2 scrolls of remove curse
  2195 | D:3      | Identified a ring of intelligence (You found it on level 3
                  | of the Dungeon)
  2204 | D:3      | Found a snail-covered altar of Cheibriados.
  2245 | D:3      | Reached skill level 2 in Fighting
  2413 | D:3      | Reached skill level 3 in Dodging
  2443 | D:3      | Identified a cursed -3 club
  2443 | D:3      | Identified a +0 club
  2591 | D:3      | Identified a +0 club
  2591 | D:3      | Identified a +0 club
  2928 | D:3      | Found a glowing golden altar of the Shining One.
  3095 | D:4      | Identified a +1 short sword of protection
  3304 | D:4      | Identified a +0 mace
  3306 | D:4      | Identified a +0 dagger
  3306 | D:4      | Identified a +0 robe
  3307 | D:4      | Identified a +1 vampiric whip
  3307 | D:4      | Identified a +0 leather armour
  3308 | D:4      | Identified a +0 dagger
  3308 | D:4      | Identified a +0 robe
  3308 | D:4      | Identified a +0 mace of protection
  3340 | D:4      | Reached XP level 6. HP: 21/55 MP: 0/9
  3353 | D:4      | HP: 13/55 [orc wizard/+0 dagger (1)]
  3355 | D:4      | HP: 3/55 [orc wizard/magic dart (8)]
  3543 | D:4      | Identified a +0 giant spiked club
  3550 | D:4      | Reached skill level 4 in Stealth
  3557 | D:4      | HP: 7/55 [iguana (9)]
  3763 | D:4      | Reached skill level 3 in Fighting
  3940 | D:4      | Identified a +0 whip
  3940 | D:4      | Identified a +2 spear of venom
  3940 | D:4      | Identified a +0 flail
  3946 | D:4      | Reached skill level 6 in Necromancy
  4081 | D:4      | HP: 11/56 [phantom (2)]
  4112 | D:4      | HP: 2/56 [phantom (9)]
  4133 | D:4      | Slain by a phantom

Table legend:
 A = Turns spent in this place as a percentage of turns spent in the entire game.
 B = Non-inter-level travel turns spent in this place as a percentage of non-inter-level travel turns spent in the entire game.
 C = Inter-level travel turns spent in this place as a percentage of turns spent in this place.
 D = Turns resting spent in this place as a percentage of non-inter-level travel turns spent in this place.
 E = Turns spent auto-exploring this place as a percentage of non-inter-level travel turns spent in this place.
 F = Non-inter-level travel turns spent in this place divided by the number of levels of this place that you've seen.
                   A       B       C       D       E      F
               +-------+-------+-------+-------+-------+----------------------
         Total | 100.0 | 100.0 |   2.0 |  22.7 |  53.9 | 1013.0
       Dungeon | 100.0 | 100.0 |   2.0 |  22.7 |  53.9 | 1013.0
               +-------+-------+-------+-------+-------+----------------------

Table legend:
 A = Kills in this place as a percentage of kills in entire the game.
 B = Kills by you in this place as a percentage of kills by you in the entire game.
 C = Kills by friends in this place as a percentage of kills by friends in the entire game.
 D = Other kills in this place as a percentage of other kills in the entire game.
 E = Experience gained in this place as a percentage of experience gained in the entire game.
 F = Experience gained in this place divided by the number of levels of this place that you have seen.
                   A       B       C       D       E      F
               +-------+-------+-------+-------+-------+----------------------
         Total | 100.0 | 100.0 | 100.0 |   N/A | 100.0 | 171.8
       Dungeon | 100.0 | 100.0 | 100.0 |   N/A | 100.0 | 171.8
               +-------+-------+-------+-------+-------+----------------------

Skill      XL: |  1  2  3  4  5  6 |
---------------+-------------------+-----
Fighting       | 1 2 3 |  3.0
Stealth        | 3 4 |  4.2
Spellcasting   | 2 |  2.6
Necromancy     | 5 6 |  6.0
Short Blades   | 1 |  1.8
Dodging        | 3 |  3.4

Action                   |  1- 3 |  4- 6 || total
-------------------------+-------+-------++-------
Melee: Short sword       |    35 |   106 ||   141
 Cast: Pain              |    33 |     7 ||    40
       Animate Skeleton  |     9 |     9 ||    18
       Vampiric Draining |       |    36 ||    36
  Use: Scroll            |       |     1 ||     1
 Stab: Sleeping          |     5 |     5 ||    10
  Eat: Chunk             |     2 |    13 ||    15
Armor: Robe              |    10 |    15 ||    25
Dodge: Dodged            |    31 |    87 ||   118

Vanquished Creatures
  An ogre (D:4)
  A bullfrog (D:2)
  2 orc priests (D:4)
  2 orc wizards (D:4)
  An iguana (D:4)
  A hound skeleton (D:4)
  6 gnolls
  3 adders
  A shadow imp (D:4)
  2 worms (D:3)
  4 dart slugs
  2 leopard geckos
  2 orcs (D:4)
  3 bats
  3 giant cockroaches (D:3)
  6 hobgoblins
  3 jackals (D:1)
  4 kobolds
  A quokka (D:2)
  9 frilled lizards
  5 goblins
  A leopard gecko skeleton (D:4)
  14 rats
77 creatures vanquished.

Vanquished Creatures (collateral kills)
  A hound skeleton (D:4)
  A leopard gecko (D:1)
  A bat (D:2)
3 creatures vanquished.

Grand Total: 80 creatures vanquished
